 Dungeon Crawl Stone Soup version 0.13-a0-2450-ga447c6a (webtiles) character file.

1392 M4edhros the Covert (level 8, -7/50 HPs)
             Began as an Octopode Artificer on July 18, 2013.
             Was an Initiate of Okawaru.
             Mangled by a gnoll
             ... wielding a +0,+0 spear
              (10 damage)
             ... on Level 4 of the Dungeon.
             The game lasted 00:12:40 (7091 turns).

M4edhros the Covert (Octopode Artificer)            Turns: 7091, Time: 00:12:40

HP  -7/50        AC  6     Str 10      XL: 8   Next: 23%
MP  12/12        EV 12     Int 16      God: Okawaru [......]
Gold 363         SH  0     Dex 13      Spells:  0 memorised,  7 levels left

Res.Fire  : . . .   See Invis. : .   u - +0,+1 orc flail (protect)
Res.Cold  : + . .   Warding    : .   (no shield)
Life Prot.: . . .   Conserve   : .   (helmet restricted)
Res.Poison: .       Res.Corr.  : .   (no amulet)
Res.Elec. : .       Clarity    : .   i - ring of sustenance
Sust.Abil.: . .     Spirit.Shd : .   v - ring of protection from cold
Res.Mut.  : .       Stasis     : .   (no ring)
Res.Rott. : .       Flight     : .   (no ring)
Saprovore : . . .                    (no ring)
                                     (no ring)
                                     (no ring)
                                     (no ring)

@: slightly resistant to hostile enchantments, extremely stealthy
A: almost no armour, amphibious, 8 rings, constrict 8, camouflage 1, AC +1
a: Renounce Religion


You were on level 4 of the Dungeon.
You worshipped Okawaru.
Okawaru was pleased with you.
You were very hungry.

You visited 2 branches of the dungeon, and saw 8 of its levels.

You collected 343 gold pieces.

Inventory:

Hand weapons
 a - a +1,+1 short sword
 u - a +0,+1 orcish flail of protection (weapon)
Magical devices
 b - a wand of flame (0)
 c - a wand of enslavement (1)
 d - a wand of random effects (6)
Comestibles
 f - 6 bread rations
 g - a pear
 m - a choko
 p - a meat ration
Scrolls
 e - 3 scrolls of identify
 h - 3 scrolls of enchant weapon I
 j - a scroll of fog {unknown}
 k - 2 scrolls of amnesia
 l - 2 scrolls of remove curse
 n - 3 scrolls of teleportation
 o - a scroll of curse armour {unknown}
 r - 2 scrolls of blinking
 t - 2 scrolls of enchant armour
 w - 2 scrolls of recharging
 x - a scroll of fear {unknown}
 y - a scroll of enchant weapon II
Jewellery
 i - a ring of sustenance (left tentacle)
 v - a ring of protection from cold (right tentacle)
Potions
 q - a potion of restore abilities
 s - a potion of flight


   Skills:
 - Level 1.0 Fighting
 - Level 3.8 Short Blades
 + Level 3.3 Maces & Flails
 - Level 2.0 Dodging
 * Level 10.8 Stealth
 - Level 2.1 Traps
 - Level 3.2 Evocations


You had 7 spell levels left.
You didn't know any spells.

Dungeon Overview and Level Annotations

Branches:
Dungeon (7/27)             Temple (1/1) D:6             Orc (0/4) D:6

Altars:
Ashenzari
Cheibriados
Elyvilon
Fedhas
Makhleb
Nemelex Xobeh
Okawaru
Sif Muna
Trog
Vehumet
Yredelemnul
Zin
the Shining One

Annotations
D:4 Grinder


Innate Abilities, Weirdness & Mutations

You cannot wear most types of armour.
You are amphibious.
You can wear up to eight rings at the same time.
You can use your tentacles to constrict many enemies at once.
Your skin changes colour to match your surroundings (Stlth).
Your rubbery body absorbs attacks (AC +1).


Message History

This wand has 1 charge left.
The gnoll shaman calls down the wrath of its god upon you.
Your gnoll is outlined in light.
Your gnoll zaps a wand.
The magic dart hits the gnoll shaman.
The gnoll shaman hits your gnoll but does no damage.
Your gnoll hits the gnoll shaman with a spear.
Your gnoll hits the gnoll shaman with a spear!
The gnoll shaman dies!
Your gnoll looks more experienced.
What do you say? t - Shout!
Orders for allies: a - Attack new target. p - Attack previous target. r - Retreat! s - Stop attacking. w - Wait here. f - Follow me.
Anything else - Stay silent.
Wait here!
The gnoll shouts!
There is an open door here.
The gnoll hits you from afar with a spear!
You die...

######################
......'..'.......)....#
#######'@#########....#
......g......g...# .%#
.................## #
..........)......'.
..................'.
#######''#########
#######....#
+.....'....+
#######....# #


You could see 2 gnolls.

Vanquished Creatures
  A necrophage (D:6)
  3 orc warriors (D:6)
  A phantom (D:7)
  2 ogres
  3 crimson imps
  A gnoll shaman (D:4)
  An orc priest (D:4)
  A giant frog skeleton (D:5)
  A worker ant (D:6)
  2 orc wizards
  An ogre skeleton (D:7)
  2 jellies
  2 hound skeletons
  8 adders
  13 gnolls (D:4)
  A giant mite (D:3)
  2 worms
  6 giant geckos
  7 orcs
  12 bats
  A bat zombie (D:5)
  3 hobgoblins
  4 jackals (D:4)
  6 kobolds
  3 quokkas
  3 giant cockroaches
  A giant gecko zombie (D:7)
  2 giant newts
  A giant newt zombie (D:5)
  3 goblins
  A hobgoblin skeleton (D:6)
  A hobgoblin zombie (D:6)
  A jackal skeleton (D:4)
  A quokka zombie (D:7)
  10 rats
111 creatures vanquished.

Vanquished Creatures (collateral kills)
  A warg (D:6)
  2 orc priests (D:6)
  A gnoll shaman (D:4)
  5 gnolls (D:4)
9 creatures vanquished.

Vanquished Creatures (others)
  A gnoll (D:4)
  A giant newt (D:2)
  A kobold (D:1)
3 creatures vanquished.

Grand Total: 123 creatures vanquished

Notes
Turn   | Place    | Note
--------------------------------------------------------------
     0 | D:1      | M4edhros, the Octopode Artificer, began the quest for the Orb.
     0 | D:1      | Reached XP level 1. HP: 14/14 MP: 1/1
   256 | D:1      | Reached XP level 2. HP: 13/19 MP: 3/3
  1461 | D:2      | Reached XP level 3. HP: 17/24 MP: 4/4
  1682 | D:3      | Reached skill level 4 in Stealth
  1720 | D:3      | Reached XP level 4. HP: 20/29 MP: 6/6
  2112 | D:4      | Found a sparkling altar of Nemelex Xobeh.
  2132 | D:4      | Noticed Grinder
  2214 | D:4      | Reached skill level 5 in Stealth
  2442 | D:5      | Entered Level 5 of the Dungeon
  2448 | D:5      | Reached XP level 5. HP: 31/34 MP: 7/7
  2464 | D:5      | Noticed an ogre
  2474 | D:5      | Killed an ogre
  2474 | D:5      | Reached skill level 6 in Stealth
  2703 | D:5      | Reached XP level 6. HP: 32/39 MP: 9/9
  2895 | D:5      | Reached skill level 7 in Stealth
  4038 | D:6      | Reached skill level 8 in Stealth
  4039 | D:6      | Reached skill level 1 in Maces & Flails
  4039 | D:6      | Reached XP level 7. HP: 32/44 MP: 10/10
  4137 | D:6      | Found a staircase to the Orcish Mines.
  4853 | D:6      | Reached skill level 9 in Stealth
  5242 | D:6      | Noticed a necrophage
  5249 | D:6      | Killed a necrophage
  5279 | D:6      | Found a staircase to the Ecumenical Temple.
  5356 | Temple   | Entered the Ecumenical Temple
  5931 | D:7      | Found a snail-covered altar of Cheibriados.
  5940 | D:7      | Found a sparkling altar of Nemelex Xobeh.
  5951 | D:7      | Found an iron altar of Okawaru.
  5955 | D:7      | Became a worshipper of Warmaster Okawaru
  5967 | D:7      | Found a deep blue altar of Sif Muna.
  5978 | D:7      | Found a radiant altar of Vehumet.
  5988 | D:7      | Found a bloodstained altar of Trog.
  5995 | D:7      | Found a blossoming altar of Fedhas.
  6230 | D:7      | Reached skill level 10 in Stealth
  6230 | D:7      | Reached XP level 8. HP: 10/50 MP: 12/12
  6768 | D:4      | Noticed an ogre
  6829 | D:4      | Killed an ogre
  7081 | D:4      | HP: 1/50 [gnoll/wand of magic darts (5)]
  7091 | D:4      | Mangled by a gnoll

Action                   |  1- 3 |  4- 6 |  7- 9 || total
-------------------------+-------+-------+-------++-------
Melee: Short sword       |    67 |    89 |       ||   156
       Flail             |       |     9 |    96 ||   105
Evoke: Wand              |       |    11 |    27 ||    38
  Use: Scroll            |     1 |    13 |     1 ||    15
       Potion            |       |     8 |     5 ||    13
 Stab: Sleeping          |    10 |    11 |     4 ||    25
       Distracted        |     1 |     1 |       ||     2
